 Dungeon Crawl Stone Soup version 0.21-a0-538-gd16b88a (webtiles) character file.

36 badharry the Twirler (level 3, -3/27 HPs)
             Began as a Mummy Gladiator on Dec 16, 2017.
             Slain by Sigmund
             ... wielding a +0 scythe
              (5 damage)
             ... on level 2 of the Dungeon.
             The game lasted 00:02:59 (1394 turns).

badharry the Twirler (Mummy Gladiator)              Turns: 1394, Time: 00:03:00

Health: -3/27      AC:  9    Str: 18    XL:     3   Next: 19%
Magic:  3/3        EV:  8    Int:  7    God:
Gold:   119        SH:  0    Dex: 13    Spells: 2/2 levels left

rFire    x . .     SeeInvis .   a - +0 quarterstaff
rCold    + . .     Gourm    .   (shield currently unavailable)
rNeg     + + +     Faith    .   f - +0 chain mail
rPois    ∞         Spirit   .   c - +0 helmet
rElec    .         Reflect  .   (no cloak)
rCorr    .         Harm     .   (no gloves)
MR       .....                  (no boots)
Stlth    ..........             (no amulet)
HPRegen  0.09/turn              (no ring)
MPRegen  0.08/turn              (no ring)

@: confused
A: no food or potions, fire vulnerability, cold resistance 1, negative energy
resistance 3, torment resistance, unbreathing
a: no special abilities


You were on level 2 of the Dungeon.
You were not hungry.

You visited 1 branch of the dungeon, and saw 3 of its levels.

You collected 119 gold pieces.

Inventory:

Hand Weapons
 a - a +0 quarterstaff (weapon)
 i - a +0 hunting sling
Missiles
 e - 17 poisoned needles
 g - 55 stones (quivered)
Armour
 b - a +0 leather armour
 c - a +0 helmet (worn)
 f - a +0 chain mail (worn)
Jewellery
 m - an uncursed ring of wizardry
Scrolls
 h - a scroll of fear {unknown}
 j - 3 scrolls of identify
 k - 3 scrolls of magic mapping {unknown}
 l - 2 scrolls of remove curse {unknown}
 n - a scroll of noise {unknown}


   Skills:
 + Level 2.2 Fighting
 * Level 3.4 Staves
 - Level 1.5 Throwing
 - Level 2.4 Dodging


You had 2 spell levels left.
You didn't know any spells.

Dungeon Overview and Level Annotations

Branches:
Dungeon (3/15)

Altars:
Hepliaklqana

Annotations:
D:2 Sigmund
D:3 Daviar's ghost, amateur BaIE


Innate Abilities, Weirdness & Mutations

You do not eat or drink.
Your flesh is vulnerable to fire.
You are immune to poison.
Your flesh is cold resistant. (rC+)
You are immune to negative energy. (rN+++)
You are immune to unholy pain and torment.
You can survive without breathing.


Message History

* * * LOW HITPOINT WARNING * * *
Unknown command.
Throwing (i - inventory. (,) - cycle):
d - a throwing net (quivered)
Press: ? - help, Shift-Dir - straight line, f - worm
Aim: a worm (heavily wounded)
You throw a throwing net. The throwing net hits the worm.
The worm is caught in the net!
The worm is heavily wounded.
Something hits you.
* * * LOW HITPOINT WARNING * * *
The worm struggles against the net.
You can't drink.
Unknown command.
As you read the scroll labeled WILUATS MEDD, it crumbles to dust.
It is a scroll of identify.
m - an uncursed ring of wizardry You hear some strange, mumbled words.
You are confused.
You bump into the rock wall.
Something hits you.
You die...

..........##....#.##.........
..........#.....#.##.....[...
................#.##.........
####.##.........#.##[........
#. #.##..#####..'.........
##+##.##....# ####.........
#######.........#{#
##########
#.........##.####.#
#.........##...w@.#
#.........######### #
#.........# #
#.........######## #
#................# #
#................# #
#................# #
#######>..######## # ##### #


You could see a worm (caught).

Vanquished Creatures
  An adder (D:2)
  A leopard gecko (D:1)
  4 giant cockroaches
  3 goblins
  A hobgoblin (D:2)
  3 kobolds
  4 bats
  2 frilled lizards (D:1)
  6 rats
25 creatures vanquished.

Notes
Turn   | Place    | Note
-------+----------+-------------------------------------------
     0 | D:1      | badharry the Mummy Gladiator began the quest for the Orb.
     0 | D:1      | Reached XP level 1. HP: 16/16 MP: 1/1
   404 | D:1      | Reached XP level 2. HP: 22/22 MP: 2/2
   546 | D:1      | Reached skill level 3 in Staves
  1167 | D:2      | Reached XP level 3. HP: 19/27 MP: 3/3
  1269 | D:2      | Noticed Sigmund
  1301 | D:3      | Found a hazy altar of Hepliaklqana.
  1304 | D:3      | Noticed Daviar's ghost (amateur BaIE)
  1394 | D:2      | Slain by Sigmund

Vault maps used:
D:1:      saegor_arrival_simple_a
D:2:      uniq_sigmund
D:3:      lemuel_doored_altar, chequers_ecumenical_altar_simple,
          uniq_crazy_yiuf_cottage

Skill      XL: |  1  2 |
---------------+-------+-----
Staves         | 3 |  3.4
Fighting       | |  2.2
Throwing       | |  1.5
Dodging        | |  2.4

Action                   || total
-------------------------++-------
Melee: Quarterstaff      ||    96
Throw: Throwing net      ||     3
  Use: Scroll            ||     1
 Stab: Held in net/web   ||     1
Armor: Chain mail        ||    58
Dodge: Dodged            ||    48

Table legend:
 A = Spawn XP
 B = Non-spawn XP
 C = Spawn XP percentage of total XP
 D = Spawn monster count
 E = Non-spawn monster count
 F = Spawn count percentage of total count
 G = Total turns spent on level
                    A         B        C        D         E        F      G
               +---------+---------+-------+---------+---------+-------+---------
         Total |       0 |      52 |   0.0 |       0 |      25 |   0.0 |  1394
               +---------+---------+-------+---------+---------+-------+---------
           D:1 |       0 |      16 |   0.0 |       0 |      11 |   0.0 |   850
           D:2 |       0 |      30 |   0.0 |       0 |      11 |   0.0 |   493
           D:3 |       0 |       6 |   0.0 |       0 |       3 |   0.0 |    51
               +---------+---------+-------+---------+---------+-------+---------
